Map: Pillars of Gold LE

Players

seRRal - Winner!

  • Race: Zerg Zerg
  • Spawn Location: 7:00

Zoun

  • Race: Protoss Protoss
  • Spawn Location: 1:00

Event: StayAtHome Story Cup #3

VOD

Have the link to the VOD?

Description

Time

  • Played on: March 14, 2021, 9:32 a.m.
  • Length: 4:36

All games in this series

Show
View Real Time Build Order
Export as new Build Order

seRRal Zerg - Winner!

Build Orders: Hatch First, Ravager All-In 

Get SALT Encoding   

  12  0:00  Drone  
  13  0:12  Overlord  
  13  0:17  Drone  
  14  0:30  Drone x2  
  16  0:50  Hatchery  
  16  0:54  Drone  
  16  0:58  Drone  
  16  1:02  Drone  
  18  1:06  Drone  
  19  1:11  Extractor  
  18  1:23  Spawning Pool  
  17  1:31  Hatchery  
  17  1:34  Drone  
  17  1:38  Extractor  
  17  1:39  Drone  
  18  1:44  Drone  
  19  1:49  Drone  
  20  2:10  Roach Warren, Queen  
  21  2:19  Drone  
  21  2:20  Overlord  
  22  2:49  Queen  
  22  2:50  Roach x2  
  22  2:51  Roach  
  30  3:01  Roach  
  30  3:05  Overlord  
  32  3:10  Ravager x2  
  32  3:11  Ravager  
  35  3:26  Queen  
  37  3:35  Roach x2  
  37  3:38  Ravager  
  42  3:43  Overlord  
  42  3:56  Ravager x2  
  46  4:11  Roach x2  
Show
View Real Time Build Order
Export as new Build Order

Zoun Protoss 

Build Orders:  

Get SALT Encoding   

  12  0:00  Probe  
  13  0:12  Probe  
  14  0:20  Pylon  
  14  0:24  Probe  
  15  0:38  Probe  
  15  0:39  Forge  
  16  0:50  Probe  
  16  0:56  Pylon  
  17  1:12  Pylon  
  17  1:14  Photon Cannon  
  18  1:26  Gateway  
  18  1:30  Probe  
  18  1:31  Assimilator  
  18  1:42  Probe  
  20  1:54  Probe  
  20  2:02  Pylon  
  20  2:06  Probe  
  21  2:11  Zealot (Chrono Boost)  
  21  2:14  Cybernetics Core  
  23  2:18  Probe  
  23  2:20  Assimilator  
  24  2:29  Photon Cannon  
  24  2:30  Probe  
  25  2:48  Stalker (Chrono Boost)  
  27  2:55  Shield Battery  
  27  2:56  Warp Gate (Chrono Boost)  
  27  2:59  Shield Battery  
  27  3:01  Shield Battery  
  27  3:09  Stalker (Chrono Boost)  
  27  3:12  Shield Battery  
  29  3:28  Shield Battery  
  29  3:33  Stalker  
  31  3:39  Shield Battery  
  31  3:48  Shield Battery  
  31  4:02  Gateway  
  31  4:04  Gateway  
  31  4:07  Shield Battery  
  27  4:22  Shield Battery  
  27  4:27  Pylon  
Tags
 
Add a new tag
Caveats
  • Supply blocks, unpowered buildings, or Contaminate may cause inaccurate times.
  • Supply counts are checked every 10 seconds.